 Dungeon Crawl Stone Soup version 0.25.0-11-g1f837a76a1 (webtiles) character file.

Game seed: 5495878900051517341

1904 Delamore the Cleaver (level 9, 0/74 HPs)
             Began as a Formicid Fighter on June 27, 2020.
             Slain by a bullfrog (5 damage)
             ... in a sewer.
             The game lasted 00:08:27 (6483 turns).

Delamore the Cleaver (Formicid Fighter)             Turns: 6483, Time: 00:08:28

Health: 0/74       AC:  6    Str: 25    XL:     9   Next: 38%
Magic:  9/9        EV:  5    Int:  7    God:
Gold:   320        SH:  9    Dex: 10    Spells: 8/8 levels left

rFire    + . .     SeeInvis +   a - +0 war axe
rCold    . . .     Gourm    .   c - +0 kite shield
rNeg     . . .     Faith    +   b - +0 scale mail
rPois    +         Spirit   .   (helmet unavailable)
rElec    .         Reflect  .   (no cloak)
rCorr    +         Harm     .   (no gloves)
MR       .....                  (no boots)
Stlth    ..........             C - amulet of faith
HPRegen  0.22/turn              v - ring of see invisible
MPRegen  0.11/turn              k - ring of resist corrosion

@: brilliant, constricted, very slow
A: permanent stasis, dig shafts and tunnels, four strong arms, antennae 3, fire
resistance 1, poison resistance
a: Dig, Shaft Self


You were in a sewer.
You were not hungry.

You visited 1 branch of the dungeon, and saw 6 of its levels.
You also visited: Sewer.

You collected 320 gold pieces.

Inventory:

Hand Weapons
 a - a +0 war axe (weapon)
 p - a +0 battleaxe
Missiles
 t - 2 throwing nets
 z - 4 silver boomerangs (quivered)
Armour
 b - a +0 scale mail (worn)
 c - a +0 kite shield (worn)
 n - a +0 pair of gloves
 x - a +0 tower shield
Jewellery
 e - an uncursed ring of wizardry
 k - a ring of resist corrosion (right hand)
 m - an uncursed ring of magical power
 o - an uncursed ring of protection from cold {unknown}
 v - a ring of see invisible (left hand)
 C - an amulet of faith (around neck)
 E - a +6 ring of intelligence {unknown}
Wands
 w - a wand of polymorph (11)
 I - a wand of disintegration (5)
Scrolls
 g - 2 scrolls of random uselessness
 i - 4 scrolls of fog {unknown}
 j - 2 scrolls of immolation
 q - 3 scrolls of remove curse
 u - 3 scrolls of noise {unknown}
 y - a scroll of amnesia {unknown}
 B - 2 scrolls of blinking {unknown}
 G - a scroll of enchant armour {unknown}
 J - 3 scrolls of fear {unknown}
 K - a scroll of identify
Potions
 d - 2 potions of might
 h - a potion of ambrosia
 l - 3 potions of lignification
 r - 2 potions of flight
 s - 3 potions of curing
 A - a potion of brilliance
 D - 2 potions of magic
 F - a potion of degeneration {unknown}
 H - a potion of haste {unknown}
 M - a potion of heal wounds
Comestibles
 f - 13 rations
 L - 5 chunks of flesh


   Skills:
 - Level 8.0 Fighting
 + Level 9.7 Axes
 - Level 3.2 Armour
 - Level 3.6 Shields


You had 8 spell levels left.
You didn't know any spells.
Your spell library contained the following spells:

 Spells                   Type           Power        Failure   Level  Hunger
 Summon Small Mammal      Summ           #...         98%         1    None
 Call Imp                 Summ           #.......     99%         2    None
 Call Canine Familiar     Summ           #.......     100%        3    None
 Confusing Touch          Hex            #.......     100%        3    None
 Gell's Gravitas          Tloc           #.........   100%        3    None
 Summon Guardian Golem    Hex/Summ       #.......     100%        3    None
 Petrify                  Tmut/Erth      #.......     100%        4    None
 Summon Ice Beast         Ice/Summ       #.......     100%        4    None
 Summon Lightning Spire   Summ/Air       #.......     100%        4    None
 Metabolic Englaciation   Hex/Ice        #.........   100%        5    None
 Yara's Violent Unravell  Hex/Tmut       #.........   100%        5    None


Dungeon Overview and Level Annotations

Branches:
Dungeon (6/15)              Sewer (1/1)
 Temple: D:4-7

Altars:
Cheibriados
Elyvilon
Kikubaaqudgha
Nemelex Xobeh
The Shining One


Innate Abilities, Weirdness & Mutations

You cannot be hasted, slowed, berserked, paralysed or teleported.
You can dig through walls and to a lower floor.
Your four strong arms can wield two-handed weapons with a shield.
You have a pair of large antennae on your head. (SInv)
Your flesh is heat resistant. (rF+)
Your system is resistant to poisons. (rPois)


Message History

* * * LOW HITPOINT WARNING * * *
The bullfrog barely misses you.
It was a potion of curing.
You feel better.
The ball python bites you but does no damage.
The ball python constricts you. You block the adder's attack.
The bullfrog hits you.
* * * LOW HITPOINT WARNING * * *
The adder bites you but does no damage.
The ball python bites you but does no damage.
The ball python constricts you.
It was a potion of brilliance.
You feel clever all of a sudden. You block the adder's attack.
The bullfrog hits you.
* * * LOW HITPOINT WARNING * * *
The adder completely misses you.
The ball python bites you but does no damage.
* * * LOW HITPOINT WARNING * * *
The ball python constricts you. You block the adder's attack.
The bullfrog hits you.
You die...

#####################
###.#≈≈≈≈≈≈≈≈≈≈≈≈≈≈≈...
##...≈≈≈≈≈≈#≈..†≈†≈≈≈≈..
#....≈≈≈≈≈≈≈≈≈≈#@S≈≈≈...
#....≈≈≈≈≈≈≈≈≈≈FSS≈≈#...
#....≈≈≈≈≈≈≈≈≈≈≈≈≈≈≈≈...
......≈≈≈≈≈≈≈≈≈≈≈≈≈≈≈...
....####################
...#### ...#..# .÷.'..#
..#####


You could see a bullfrog, 2 adders and a ball python.

Vanquished Creatures
  Grinder (D:3)
  Sigmund (D:3)
  2 sky beasts (D:5)
  2 phantoms
  An ogre (D:4)
  A centaur (D:5)
  A bullfrog (Sewer)
  A scorpion (D:6)
  A bullfrog zombie (D:5)
  A crimson imp (D:5)
  A jelly (D:5)
  2 centaur skeletons
  3 orc priests
  3 hounds
  2 bullfrog skeletons (D:4)
  Jessica (D:2)
  3 iguanas
  Ijyb (D:4)
  3 worker ants
  A hound zombie (D:5)
  Robin (D:2)
  6 gnolls
  6 adders
  6 river rats
  An adder skeleton (D:4)
  2 worms (D:6)
  4 dart slugs
  4 leopard geckos
  3 orcs
  6 giant cockroaches
  13 goblins
  14 hobgoblins
  6 jackals
  5 kobolds
  A quokka (D:5)
  13 ball pythons
  5 bats
  7 frilled lizards
  A jackal skeleton (D:4)
  33 rats
169 creatures vanquished.

Vanquished Creatures (others)
  A human (D:3)
1 creature vanquished.

Grand Total: 170 creatures vanquished

Notes
Turn   | Place    | Note
-------+----------+-------------------------------------------
     0 | D:1      | Delamore the Formicid Fighter began the quest for the Orb.
     0 | D:1      | Reached XP level 1. HP: 18/18 MP: 1/1
    61 | D:1      | Reached XP level 2. HP: 24/24 MP: 2/2
   393 | D:1      | Reached XP level 3. HP: 23/30 MP: 3/3
   971 | D:2      | Reached skill level 3 in Axes
  1048 | D:2      | Found a sparkling altar of Nemelex Xobeh.
  1080 | D:2      | Found a glowing golden altar of the Shining One.
  1449 | D:2      | You fall into a shaft and drop 1 floor!
  1453 | D:3      | Found an ancient bone altar of Kikubaaqudgha.
  1454 | D:3      | Noticed a human
  1457 | D:3      | Killed a human
  1475 | D:3      | Noticed Grinder
  1655 | D:2      | Noticed Robin
  1658 | D:2      | Reached XP level 4. HP: 34/37 MP: 4/4
  1670 | D:2      | Noticed Jessica
  1676 | D:2      | Killed Robin
  1678 | D:2      | Killed Jessica
  1678 | D:2      | Reached XP level 5. HP: 25/43 MP: 5/5
  2003 | D:3      | Gained mutation: Your system is resistant to poisons.
                  | (rPois) [potion of mutation]
  2003 | D:3      | Gained mutation: Your flesh is heat resistant. (rF+)
                  | [potion of mutation]
  2003 | D:3      | HP: 1/43 [Grinder (6)]
  2213 | D:3      | Killed Grinder
  2213 | D:3      | Reached skill level 5 in Fighting
  2213 | D:3      | Reached skill level 4 in Axes
  2213 | D:3      | Reached XP level 6. HP: 11/52 MP: 6/6
  2477 | D:3      | Noticed Sigmund
  2499 | D:3      | Killed Sigmund
  2499 | D:3      | Reached skill level 5 in Axes
  2499 | D:3      | Reached XP level 7. HP: 45/59 MP: 7/7
  2681 | D:3      | Found a snail-covered altar of Cheibriados.
  3419 | D:4      | Noticed Ijyb
  3434 | D:4      | Reached skill level 6 in Axes
  3450 | D:4      | Killed Ijyb
  3450 | D:4      | Reached XP level 8. HP: 30/67 MP: 8/8
  4382 | D:5      | Entered Level 5 of the Dungeon
  4539 | D:5      | Reached skill level 7 in Axes
  4909 | D:5      | Reached skill level 8 in Axes
  5085 | D:5      | Reached XP level 9. HP: 37/74 MP: 9/9
  5429 | D:5      | Found a white marble altar of Elyvilon.
  5567 | D:6      | Reached skill level 9 in Axes
  5742 | D:6      | Found a glowing drain.
  5863 | Sewer    | Entered a sewer
  6483 | Sewer    | Slain by a bullfrog

Illustrated notes

Levels and vault maps discovered:
D:1:      enne_arrival_octagon_isle, layout_loops_ring
D:2:      layout_loops_ring, tso_oasis_becter, nicolae_overflow_crystal_walls,
          chequers_serial_rivers_room_b, uniq_robin, uniq_jessica
D:3:      layout_basic, kennysheep_slug_shrine, first_ration, tgw_kikubaaqudgha,
          uniq_sigmund, uniq_grinder
D:4:      layout_basic, uniq_ijyb
D:5:      layout_rooms, serial_glass, glass_columns_a, glass_columns_c,
          glass_columns_a, glass_columns_b, due_unseen_surprise,
          item_on_display_a, feat_on_display, item_on_display_a, basic_altar,
          corner_web_ring, minmay_quadrilaterals
D:6:      layout_layer_cave, lightli_sewer_entry_pipes
Sewer:    sewer_minmay_w

Skill      XL: |  1  2  3  4  5  6  7  8  9 |
---------------+----------------------------+-----
Fighting       | 4 5 6 7 8 |  8.0
Axes           | 3 4 5 6 8 9 |  9.7
Armour         | |  3.2
Shields        | |  3.6

Action                   |  1- 3 |  4- 6 |  7- 9 || total
-------------------------+-------+-------+-------++-------
Melee: War axe           |    99 |    63 |   392 ||   554
Throw: Boomerang         |       |       |     4 ||     4
 Abil: Dig               |       |       |     3 ||     3
  Use: Scroll            |     5 |     1 |     3 ||     9
       Potion            |       |     2 |     3 ||     5
  Eat: Chunk             |     2 |     2 |    15 ||    19
Armor: Scale mail        |    39 |    35 |   157 ||   231
Dodge: Dodged            |    32 |    17 |   141 ||   190
Block: Kite shield       |    56 |    33 |   197 ||   286
